 Dungeon Crawl Stone Soup version 0.28-a0-697-g47f3eba078 (webtiles) character file.

Game seed: 3096041099319310857

42 cheechan the Chopper (level 3, -1/34 HPs)
             Began as a Naga Chaos Knight on Oct 23, 2021.
             Was a Plaything of Xom.
             Slain by a goblin (3 damage)
             ... led by Robin
             ... on level 2 of the Dungeon.
             The game lasted 00:03:23 (1064 turns).

cheechan the Chopper (Naga Chaos Knight)            Turns: 1064, Time: 00:03:23

Health: -1/34      AC:  4    Str: 15    XL:     3   Next: 56%
Magic:  3/3        EV:  9    Int: 12    God:    Xom [..*...]
Gold:   48         SH:  0    Dex: 10    Spells: 2/2 levels left

rFire   . . .      SeeInvis +   a - +0 hand axe (vorpal)
rCold   . . .      Faith    .   (no shield)
rNeg    . . .      Spirit   .   b - +2 leather armour
rPois   +          Reflect  .   (no helmet)
rElec   .          Harm     .   (no cloak)
rCorr   .          Rampage  .   (no gloves)
Will    .....                   (no barding)
Stlth   +.........              (no amulet)
HPRegen 0.11/turn               c - ring of see invisible
MPRegen 0.08/turn               (no ring)

@: attractive, very slow
A: AC +1, large, see invisible, deformed body, poison resistance, slowness 2,
spit poison 1, naga tail 1
a: Spit Poison, Renounce Religion


You were on level 2 of the Dungeon.
You worshipped Xom.
You were a toy of Xom.
You visited 1 branch of the dungeon, and saw 2 of its levels.

You collected 48 gold pieces.

Inventory:

Hand Weapons
 a - a +0 vorpal hand axe (weapon)
Missiles
 e - 42 stones
 f - 17 bolts
Armour
 b - a +2 leather armour (worn)
Jewellery
 c - a ring of see invisible (left hand)


   Skills:
 + Level 3.3 Fighting
 + Level 3.5 Axes
 + Level 2.0 Armour
 + Level 1.3 Dodging
 + Level 0.4 Stealth


You had 2 spell levels left.
You didn't know any spells.
Your spell library contained the following spells:

 Spells                   Type           Power      Damage    Failure   Level
 Ignite Poison            Fire/Tmut/Pois 0%         N/A       77%         3
 Mephitic Cloud           Conj/Pois/Air  0%         N/A       77%         3
 Freezing Cloud           Conj/Ice/Air   0%         6-21      100%        5


Dungeon Overview and Level Annotations

Branches:
Dungeon (2/15)

Altars:

Annotations:
D:2 Robin


Innate Abilities, Weirdness & Mutations

Your serpentine skin is tough. (AC +1)
You have supernaturally acute eyesight. (SInv)
Armour fits poorly on your strangely shaped body.
Your system is resistant to poisons. (rPois)
You cover ground very slowly.
You can spit poison.
You have a snake-like lower body.


Message History

Robin throws the goblin at you! The goblin hits you with a +0 club.
You hit the worm.
The worm is moderately wounded.
You hit the goblin.
You kill the goblin!
You barely miss the hobgoblin. You hit Robin but do no damage.
Robin throws the goblin at you! The worm bites you.
* * * LOW HITPOINT WARNING * * *
The hobgoblin closely misses you. The goblin hits you but does no damage.
You closely miss the hobgoblin. You hit Robin. You hit the worm.
You hit the goblin.
Robin roars a battlecry!
The hobgoblin goes into a battle-frenzy!
The hobgoblin hits you.
* * * LOW HITPOINT WARNING * * *
The goblin hits you with a +0 dagger.
* * * LOW HITPOINT WARNING * * *
The worm misses you.
Okay, then.
You aren't carrying any scrolls.
It was a potion of curing.
You feel better.
Xom thinks this is hilarious!
Robin hits you with a +0 dagger.
* * * LOW HITPOINT WARNING * * *
The hobgoblin hits you.
* * * LOW HITPOINT WARNING * * *
The goblin barely misses you.
You barely miss the hobgoblin. You hit Robin but do no damage.
You hit the worm. You barely miss the goblin.
Robin hits you but does no damage. The hobgoblin barely misses you.
The worm bites you.
* * * LOW HITPOINT WARNING * * *
The goblin barely misses you. Robin hits you with a +0 dagger.
* * * LOW HITPOINT WARNING * * *
It was a potion of attraction.
You feel attractive to monsters.
Xom thinks this is hilarious!
The hobgoblin hits you but does no damage.
The goblin hits you with a +0 dagger.
You die...

.#..#.....
..........
.......#.#
.......#.#.##
.......#.#..#
.......#.##.##
.......wg##..#
.......g@w.#§##
.......g##†#.§###
#####.#.##...§§§#
#...##......#
...###....<.#
.... #......#
....# ########
#####


You could see a worm, Robin, a dart slug, a hobgoblin (strong) and a goblin
(strong).

Vanquished Creatures
  2 dart slugs
  2 ball pythons (D:1)
  4 endoplasms
  A giant cockroach (D:1)
  9 goblins
  5 hobgoblins
  2 jackals (D:2)
  A kobold (D:1)
  4 bats (D:1)
  A frilled lizard (D:1)
  A rat (D:1)
32 creatures vanquished.

Notes
Turn   | Place    | Note
-------+----------+-------------------------------------------
     0 | D:1      | cheechan the Naga Chaos Knight began the quest for the Orb.
     0 | D:1      | Reached XP level 1. HP: 21/21 MP: 1/1
   110 | D:1      | Reached skill level 1 in Dodging
   117 | D:1      | XOM is BORED!
   117 | D:1      | XOM: silly message
   197 | D:1      | Reached XP level 2. HP: 28/28 MP: 2/2
   218 | D:1      | XOM: divination: detect items
   266 | D:1      | XOM: divination: magic mapping
   588 | D:1      | XOM: silly message
   944 | D:1      | XOM: silly message
   952 | D:1      | Reached XP level 3. HP: 26/34 MP: 3/3
  1045 | D:2      | Noticed Robin
  1063 | D:2      | HP: 1/34 [Robin (3)]
  1064 | D:2      | Slain by a goblin

Illustrated notes

Levels and vault maps discovered:
D:1:      saegor_arrival_simple_d, layout_loops_ring, hangedman_decor_opposing
D:2:      layout_rooms, basic_altar, serial_shops, nicolae_shop_trees,
          nicolae_lakefront_shop, minmay_misc_feat_five, st_stairs_3,
          uniq_robin, uniq_natasha

Skill      XL: |  1  2  3 |
---------------+----------+-----
Dodging        | 1 |  1.3
Armour         | 2 |  2.0
Fighting       | |  3.3
Axes           | |  3.5
Stealth        | |  0.4

Action                   || total
-------------------------++-------
Melee: Hand axe          ||    67
  Use: Scroll            ||     4
       Potion            ||     2
Armor: Leather armour    ||    46
Dodge: Dodged            ||    46

Table legend: (Time is in decaauts)
 A = Elapsed time spent in this place.
 B = Non-inter-level travel time spent in this place.
 C = Inter-level travel time spent in this place.
 D = Time resting spent in this place.
 E = Time spent auto-exploring this place.
 F = Levels seen in this place.
 G = Mean time per level.
                   A        B        C        D        E       F      G
               +--------+--------+--------+--------+--------+-----+--------+
         Total |   1354 |   1354 |      0 |    269 |      0 |   2 |  677.0 |
       Dungeon |   1354 |   1354 |      0 |    269 |      0 |   2 |  677.0 |
               +--------+--------+--------+--------+--------+-----+--------+

Top non-repeatable levels by time:
     D:1: 1288 daAuts
     D:2: 65 daAuts
